 Dungeon Crawl Stone Soup version 0.22-a0-460-g49b1da7 (webtiles) character file.

395450 Amnesiac the Metallomancer (level 22, -2/184 HPs)
             Began as a Mummy Earth Elementalist on June 9, 2018.
             Was a High Priest of Sif Muna.
             Slain by a reaper
             ... wielding a +6 scythe of flaming
              (3 damage)
             ... on level 7 of the Iron City of Dis.
             The game lasted 03:10:36 (65430 turns).

Amnesiac the Metallomancer (MuEE)                  Turns: 65430, Time: 03:10:37

Health: -2/184     AC: 14    Str: 12    XL:     22   Next: 70%
Magic:  0/48       EV: 24    Int: 34    God:    Sif Muna [*****.]
Gold:   673        SH:  7    Dex: 18    Spells: 27/65 levels left

rFire    + . .     SeeInvis .   a - staff of earth
rCold    + + .     Gourm    .   K - +2 buckler {rC+}
rNeg     + + +     Faith    .   R - +2 robe of Lies {rN+ Dex+6}
rPois    ∞         Spirit   +   y - +2 helmet {Int+3}
rElec    +         Reflect  .   n - +2 cloak {MR+}
rCorr    .         Harm     .   p - +0 pair of gloves
MR       +++..                  f - +2 pair of boots of Hospitality {Regen+}
Stlth    ++........             q - amulet of guardian spirit
HPRegen  0.80/turn              G - ring "Soisudd" {rElec rPois rF+ Int+4}
MPRegen  0.31/turn              e - ring of Weekkatu {Wiz rF+ Int+3}

@: divine energy
A: no food or potions, fire vulnerability, cold resistance 1, negative energy
resistance 3, torment resistance, unbreathing, in touch with death 1
a: Stop Divine Energy, Channel Magic, Forget Spell, Renounce Religion


You were on level 7 of the Iron City of Dis.
You worshipped Sif Muna.
Sif Muna was extremely pleased with you.
You were not hungry.

You visited 9 branches of the dungeon, and saw 40 of its levels.
You visited 1 bazaar.
You also visited: Trove.

You collected 4148 gold pieces.
You spent 3475 gold pieces at shops.

Inventory:

Hand Weapons
 t - a +3 quick blade of draining
 H - the +6 dagger of World Downfall {elec, *Drain rElec rN+ Int+6, unknown}
   (You found it on level 5 of the Depths)

   Occasionally, upon striking a foe, it will discharge some electrical energy
   and cause terrible harm.
   It affects your intelligence (+6).
   It insulates you from electricity.
   It protects you from negative energy.
   It causes draining when unequipped.
Missiles
 j - 494 stones (quivered)
Armour
 f - the +2 pair of boots of Hospitality (worn) {Regen+}
   (You found it on level 5 of the Dungeon)

   It increases your rate of regeneration.
 k - a +0 pair of boots of flying
 n - a +2 cloak of magic resistance (worn)
 p - a +0 pair of gloves (worn)
 y - a +2 helmet of intelligence (worn)
 z - the +14 chain mail of the Black Moon {Int+2}
   (You took it off an orc on level 1 of the Orcish Mines)

   It affects your intelligence (+2).
 K - a +2 buckler of cold resistance (worn)
 M - a +2 pair of gloves
 R - the +2 robe of Lies (worn) {rN+ Dex+6}
   (You found it on level 4 of the Depths)

   It affects your dexterity (+6).
   It protects you from negative energy.
Magical Staves
 a - an uncursed staff of earth (weapon)
 b - an uncursed staff of wizardry
 J - an uncursed staff of power
Jewellery
 e - the ring of Weekkatu (right hand) {Wiz rF+ Int+3}
   (You bought it in a shop on level 3 of the Elven Halls)

   [ring of wizardry]

   It improves your spell success rate.
   It affects your intelligence (+3).
   It protects you from fire.
 q - an amulet of guardian spirit (around neck)
 r - an uncursed ring of resist corrosion
 w - an uncursed ring of see invisible
 B - an uncursed ring of flight
 G - the ring "Soisudd" (left hand) {rElec rPois rF+ Int+4}
   (You bought it in a shop on level 13 of the Dungeon)

   [ring of poison resistance]

   It affects your intelligence (+4).
   It protects you from fire.
   It insulates you from electricity.
   It protects you from poison.
Wands
 s - a wand of scattershot (2)
 v - a wand of digging (13)
 x - a wand of clouds (4)
 C - a wand of paralysis (28)
 D - a wand of iceblast (19)
 E - a wand of acid (25)
 F - a wand of disintegration (73)
 O - a wand of enslavement (12)
Scrolls
 c - 15 scrolls of identify {!r}
 d - 6 scrolls of amnesia {!r}
 g - a scroll of magic mapping {!r}
 h - 6 scrolls of teleportation {!r}
 i - 3 scrolls of enchant armour {!r}
 l - 7 scrolls of remove curse {!r}
 m - a scroll of silence {!r}
 o - 5 scrolls of fog {!r}
 u - 5 scrolls of enchant weapon {!r}
 A - a scroll of vulnerability {!r}
 I - a scroll of acquirement {!r}
 L - 5 scrolls of fear {!r}


   Skills:
 - Level 18.0 Fighting
 - Level 4.1 Staves
 + Level 14.3 Dodging
 - Level 1.5 Stealth
 - Level 4.0 Shields
 - Level 22.0 Spellcasting
 - Level 0.7 Transmutations
 - Level 22.2 Earth Magic
 - Level 8.0 Invocations


You had 27 spell levels left.
You knew the following spells:

 Your Spells              Type           Power        Failure   Level  Hunger
a - Iron Shot             Conj/Erth      ########..   1%          6    N/A
b - Passwall              Tmut/Erth      ########     0%          2    N/A
c - Sandblast             Erth           ######       0%          1    N/A
d - Lee's Rapid Deconstr  Erth           ########..   0%          5    N/A
e - Borgnjor's Vile Clut  Necr/Erth      ########..   1%          5    N/A
f - Stone Arrow           Conj/Erth      ######       1%          3    N/A
g - Petrify               Tmut/Erth      ########     1%          4    N/A
h - Apportation           Tloc           #####.       1%          1    N/A
v - Blink                 Tloc           N/A          1%          2    N/A
w - Shatter               Erth           ########..   3%          9    N/A

Your spell library contained the following spells:

 Spells                   Type           Power        Failure   Level  Hunger
 Cause Fear               Hex            #####.....   3%          4    N/A
 Fireball                 Conj/Fire      #####.....   9%          5    N/A
 Conjure Flame            Conj/Fire      #####...     1%          3    N/A
 Bolt of Fire             Conj/Fire      #####.....   41%         6    N/A
 Lightning Bolt           Conj/Air       #####.....   9%          5    N/A
 Bolt of Magma            Conj/Fire/Erth #######...   1%          5    N/A
 Slow                     Hex            #####...     1%          2    N/A
 Confuse                  Hex            #####...     1%          3    N/A
 Throw Flame              Conj/Fire      #####.       1%          2    N/A
 Throw Frost              Conj/Ice       #####.       1%          2    N/A
 Controlled Blink         Tloc           N/A          100%        8    N/A
 Freezing Cloud           Conj/Ice/Air   #####.....   41%         6    N/A
 Mephitic Cloud           Conj/Pois/Air  #####...     1%          3    N/A
 Ring of Flames           Chrm/Fire      #####.....   92%         7    N/A
 Venom Bolt               Conj/Pois      #####.....   9%          5    N/A
 Olgreb's Toxic Radiance  Pois           #####...     3%          4    N/A
 Teleport Other           Tloc           #####...     1%          3    N/A
 Summon Small Mammal      Summ           ####         1%          1    N/A
 Bolt of Draining         Conj/Necr      ######....   9%          5    N/A
 Lehudib's Crystal Spear  Conj/Erth      ########..   21%         8    N/A
 Fire Storm               Conj/Fire      #####.....   100%        9    N/A
 Iskenderun's Mystic Bla  Conj           #####...     3%          4    N/A
 Summon Horrible Things   Summ           #####.....   100%        8    N/A
 Animate Dead             Necr           N/A          3%          4    N/A
 Pain                     Necr           ####         1%          1    N/A
 Animate Skeleton         Necr           N/A          1%          1    N/A
 Vampiric Draining        Necr           ######....   1%          3    N/A
 Haunt                    Necr/Summ      ######....   92%         7    N/A
 Ozocubu's Refrigeration  Ice            #####.....   41%         6    N/A
 Sticky Flame             Conj/Fire      #####...     3%          4    N/A
 Summon Ice Beast         Ice/Summ       #####...     3%          4    N/A
 Ozocubu's Armour         Chrm/Ice       #####...     1%          3    N/A
 Call Imp                 Summ           #####...     1%          2    N/A
 Dispel Undead            Necr           ######..     9%          5    N/A
 Poison Arrow             Conj/Pois      #####.....   41%         6    N/A
 Regeneration             Chrm/Necr      ######....   1%          3    N/A
 Sting                    Conj/Pois      ####         1%          1    N/A
 Sublimation of Blood     Necr           ######....   1%          2    N/A
 Tukima's Dance           Hex            #####...     1%          3    N/A
 Summon Demon             Summ           #####.....   9%          5    N/A
 Summon Greater Demon     Summ           #####.....   92%         7    N/A
 Corpse Rot               Necr           N/A          1%          2    N/A
 Recall                   Summ/Tloc      N/A          1%          3    N/A
 Agony                    Necr           ######..     9%          5    N/A
 Blade Hands              Tmut           #####.....   6%          5    N/A
 Statue Form              Tmut/Erth      ########.    1%          6    N/A
 Deflect Missiles         Chrm/Air       #####.....   41%         6    N/A
 Throw Icicle             Conj/Ice       #####...     3%          4    N/A
 Glaciate                 Conj/Ice       #####.....   100%        9    N/A
 Confusing Touch          Hex            #####.       1%          1    N/A
 Flame Tongue             Conj/Fire      #####        1%          1    N/A
 Ignite Poison            Fire/Tmut/Pois #####...     1%          3    N/A
 Call Canine Familiar     Summ           #####...     1%          3    N/A
 Ensorcelled Hibernation  Hex/Ice        #####.       1%          2    N/A
 Metabolic Englaciation   Hex/Ice        #####.....   9%          5    N/A
 Summon Butterflies       Summ           #####...     1%          1    N/A
 Silence                  Hex/Air        #####.....   9%          5    N/A
 Static Discharge         Conj/Air       #####...     1%          3    N/A
 Corona                   Hex            #####..      1%          1    N/A
 Alistair's Intoxication  Tmut/Pois      #####...     8%          5    N/A
 Conjure Ball Lightning   Conj/Air       #####.....   41%         6    N/A
 Chain Lightning          Conj/Air       #####.....   100%        8    N/A
 Excruciating Wounds      Chrm/Necr      ######....   9%          5    N/A
 Portal Projectile        Hex/Tloc       #####.       1%          3    N/A
 Monstrous Menagerie      Summ           #####.....   92%         7    N/A
 Passage of Golubria      Tloc           N/A          3%          4    N/A
 Orb of Destruction       Conj           #####.....   92%         7    N/A
 Tornado                  Air            #####.....   100%        9    N/A
 Leda's Liquefaction      Hex/Erth       ########..   1%          4    N/A
 Shroud of Golubria       Chrm/Tloc      #####.....   1%          2    N/A
 Inner Flame              Hex/Fire       #####...     1%          3    N/A
 Aura of Abjuration       Summ           #####.....   9%          5    N/A
 Beastly Appendage        Tmut           #####.       1%          1    N/A
 Disjunction              Tloc           #####.....   100%        8    N/A
 Iskenderun's Battlesphe  Conj/Chrm      #####...     9%          5    N/A
 Fulminant Prism          Conj/Hex       #####.....   3%          4    N/A
 Dazzling Spray           Conj/Hex       #####.       1%          3    N/A
 Force Lance              Conj/Tloc      #####...     3%          4    N/A
 Infusion                 Chrm           ####         1%          1    N/A
 Song of Slaying          Chrm           #####...     1%          2    N/A
 Spectral Weapon          Hex/Chrm       #####...     1%          3    N/A
 Discord                  Hex            #####.....   100%        8    N/A
 Summon Forest            Summ/Tloc      #####.....   9%          5    N/A
 Summon Lightning Spire   Summ/Air       #####...     3%          4    N/A
 Summon Guardian Golem    Hex/Summ       #####...     1%          3    N/A
 Dragon's Call            Summ           #####.....   100%        9    N/A
 Spellforged Servitor     Conj/Summ      #####.....   92%         7    N/A
 Summon Mana Viper        Hex/Summ       #####...     9%          5    N/A
 Hydra Form               Tmut           #####.....   32%         6    N/A
 Irradiate                Conj/Tmut      #####.....   8%          5    N/A
 Yara's Violent Unravell  Hex/Tmut       #####.....   8%          5    N/A
 Lesser Beckoning         Tloc           #####.....   1%          3    N/A
 Poisonous Vapours        Pois/Air       #####.       1%          2    N/A
 Ignition                 Fire           #####.....   100%        8    N/A

Dungeon Overview and Level Annotations

Branches:
Dungeon (15/15)            Temple (1/1) D:4            Lair (0/6) D:10
    Orc (2/2) D:10            Elf (3/3) Orc:2        Vaults (0/5) D:13
 Depths (5/5) D:15           Hell (1/1)                 Dis (7/7) Hell
    Geh (0/7) Hell            Coc (2/7) Hell            Tar (4/7) Hell
    Zot (0/5) Depths:5

Altars:
Ashenzari
Cheibriados
Dithmenos
Elyvilon
Fedhas
Gozag
Hepliaklqana
Kikubaaqudgha
Makhleb
Nemelex Xobeh
Okawaru
Qazlal
Ru
Sif Muna
Trog
Uskayaw
Vehumet
Wu Jian
Xom
Yredelemnul
Zin
The Shining One
Beogh
Jiyva

Shops:
D:13 =[:   Orc:2 [*%%   Elf:1 [}!   Elf:3 =*%%:   Depths:4 ?

Portals:
Hell: Depths:1 Depths:2 Depths:3 Depths:4 Depths:5
Abyss: Depths:4
Pandemonium: Depths:1 Depths:2 Depths:3 Depths:5
Ziggurat: Depths:1


Innate Abilities, Weirdness & Mutations

You do not eat or drink.
Your flesh is vulnerable to fire.
You are immune to poison.
Your flesh is cold resistant. (rC+)
You are immune to negative energy. (rN+++)
You are immune to unholy pain and torment.
You can survive without breathing.
You are in touch with the powers of death.


Message History

The wraith completely misses you.
Found a runed dagger.
You see here a ration.
The iron imp closely misses you.
Found the +9 staff of Olgreb {rPois}.
You block the iron imp's attack.
An Ice Fiend comes into view.
Found a ring of ice, a staff of wizardry and a book of Enchantments.
Really read
h - 7 scrolls of teleportation {!r}?
As you read the scroll of teleportation {!r}, it crumbles to dust.
You feel strangely unstable.
The Ice Fiend roars!
The iron imp completely misses you. The Hell Sentinel gestures at you.
The iron shot misses you. The Ice Fiend claws you!
* * * LOW HITPOINT WARNING * * *
The Ice Fiend freezes you! You resist.
* * * LOW HITPOINT WARNING * * *
The Ice Fiend claws you!
* * * LOW HITPOINT WARNING * * *
The Ice Fiend freezes you! You resist.
* * * LOW HITPOINT WARNING * * *
Your surroundings suddenly seem different.
An ice devil comes into view.
A rust devil comes into view.
A reaper comes into view. It is wielding a scythe of flaming.
Casting: Borgnjor's Vile Clutch (safe; 1% risk of failure)
Confirm with . or Enter, or press ? or * to list all spells.
Aiming: Iron Shot (safe; 1% risk of failure)
Press: ? - help, Shift-Dir - straight line, f - ice devil
Aim: an ice devil You feel a surge of power!
The iron shot hits the ice devil.
You kill the ice devil!
Sif Muna accepts your kill.
Unknown command.
You found a Zot trap!
A rust devil comes into view.
A rust devil comes into view.
The rust devil screeches!
A war gargoyle comes into view.
It is wielding a morningstar of draining.
You feel less invigorated.
A rust devil comes into view.
Casting: Iron Shot (safe; 1% risk of failure)
Confirm with . or Enter, or press ? or * to list all spells.
You feel a surge of power!
The dungeon rumbles!
You kill the rust devil!
Sif Muna accepts your kill.
The reaper is almost dead.
You kill the rust devil!
Sif Muna accepts your kill.
You kill the rust devil!
Sif Muna accepts your kill.
A door shatters!
You kill the rust devil!
Sif Muna accepts your kill.
You destroy the war gargoyle!
Sif Muna accepts your kill.
Ka-crash!
You hear a screech!
You hear a shout!
You hear a screech! x3
You hear a roar!
You hear a screech!
The reaper hits you from afar with a scythe of flaming!!
* * * LOW HITPOINT WARNING * * *
The reaper burns you.
You die...

###+#'##..,*,,,,,,
#.........,*******
#......#,,,*,,,,,*
#......##'**,,,,,*
##........,*,,,,,*
##........,+,,,,,*
##.2^......,*,,,,,*
#..........,***+***
#@........,,,,,,,+
#.........#,,,,,,,*
##........#,,,,,,,*
#......###**,,,,,,
.........*,,,,,,,,
#.......#**,,,,,,,
##......)*,,,,,,,,
**......#**,,,,,,,
*,,,,,,,,*,,,,,,*,


You could see a reaper.

Vanquished Creatures
  2 juggernauts (Depths:2)
  2 shard shrikes (Coc:1)
  A caustic shrike (Depths:4)
  Geryon (Hell)
  5 golden dragons
  A Brimstone Fiend (Dis:7)
  2 liches
  4 bone dragons
  Jorgrun (Depths:2)
  3 Tzitzimimeh
  3 doom hounds
  Rupert (D:13)
  7 tentacled monstrosities
  A quicksilver dragon (Depths:1)
  4 deep elf master archers (Elf:3)
  4 deep elf blademasters (Elf:3)
  2 ancient champions (Dis:6)
  3 titans
  2 sphinxes (Depths:4)
  2 draconian monks
  Roxanne (D:14)
  Donald (Elf:2)
  6 shadow dragons
  3 tengu reavers
  A storm dragon (Depths:4)
  8 fire giants
  5 iron dragons
  3 orc warlords (Orc:2)
  A draconian scorcher (Depths:5)
  5 frost giants
  A balrug (Hell)
  2 cacodemons
  9 deep elf sorcerers
  6 deep elf elementalists (Elf:3)
  18 reapers
  A war gargoyle (Dis:7)
  A spriggan defender (Depths:2)
  7 very ugly things
  2 vampire knights
  A deep elf demonologist (Elf:3)
  10 stone giants
  A green draconian (Depths:5)
  7 deep elf annihilators
  Nessos (Orc:2)
  Azrael (Orc:2)
  A yellow draconian (Depths:5)
  Snorg (D:14)
  4 blizzard demons
  2 red draconians (Depths:5)
  10 ettins
  A merfolk impaler (Depths:1)
  5 deep elf death magi
  11 fire dragons
  3 deep elf high priests (Elf:3)
  A green death (Depths:1)
  Josephine (D:14)
  3 ogre magi
  A quicksilver dragon zombie (Tar:1)
  5 great orbs of eyes
  2 yaktaur captains (Depths:3)
  10 ice dragons
  Harold (D:10)
  5 vault guards
  A ghost crab (Tar:3)
  5 rakshasas
  2 spriggan air magi
  A hydra (D:11)
  8 centaur warriors
  13 two-headed ogres
  27 dancing weapons
  3 vampire magi
  6 tengu warriors
  7 deep troll earth magi
  6 hell hogs (Hell)
  Urug (Orc:1)
  8 deep troll shamans
  8 orc high priests
  2 titan zombies
  5 sun demons
  A spriggan (Depths:2)
  4 spriggan berserkers
  3 iron trolls
  The ghost of Nib the Grappler, a novice DrTm of Cheibriados (D:9)
  20 deep elf knights
  A shadow wraith (Depths:1)
  8 soul eaters
  13 hell knights
  2 sixfirhies (Hell)
  42 skeletal warriors
  2 golden dragon zombies
  2 storm dragon skeletons
  4 anaconda zombies
  2 death drakes
  A glowing orange brain (Depths:3)
  3 unseen horrors
  2 shadow demons
  A ghost moth zombie (Tar:2)
  3 flayed ghosts
  A deep troll (shapeshifter) (Depths:3)
  2 sea snakes (shapeshifter)
  17 deep trolls
  16 deep elf archers
  A phantasmal warrior (Dis:4)
  2 wizards
  A glowing orange brain (shapeshifter) (Depths:4)
  An anaconda skeleton (Coc:1)
  A wolf spider (Depths:1)
  2 shadow dragon zombies
  6 necromancers
  A golden dragon skeleton (Tar:1)
  5 orc knights
  4 wolf spider zombies
  4 stone giant zombies
  A fire giant zombie (Dis:2)
  15 ugly things
  7 orc sorcerers
  2 cyclopes
  A manticore (shapeshifter) (Depths:4)
  A salamander (Depths:4)
  2 manticores
  A faun (shapeshifter) (D:13)
  57 deep elf magi
  A stone giant skeleton (Coc:1)
  3 frost giant skeletons
  A moth of wrath (shapeshifter) (Depths:5)
  A shadow dragon skeleton (Coc:1)
  2 fire giant skeletons
  2 iron dragon skeletons (Tar:1)
  15 rust devils
  A shock serpent zombie (Tar:2)
  3 orange demons
  A dire elephant zombie (Coc:1)
  Maurice (D:13)
  A gargoyle (D:15)
  4 centaur skeletons
  2 smoke demons
  A molten gargoyle (Hell)
  8 hellions
  A dire elephant skeleton (Coc:1)
  5 freezing wraiths
  2 kobold demonologists
  A spriggan zombie (D:15)
  A redback zombie (D:14)
  A minotaur skeleton (Tar:2)
  13 tormentors
  16 ice devils
  A guardian mummy (D:15)
  A demonic crawler (Depths:1)
  An anaconda simulacrum (Hell)
  8 red devils
  4 komodo dragons
  11 yaktaurs
  2 hornets
  2 hydra zombies
  5 tengu conjurers
  A queen bee (shapeshifter) (Depths:3)
  9 trolls
  A meliai (shapeshifter) (Depths:2)
  A polar bear (D:15)
  2 hydra skeletons
  Prince Ribbit (D:5)
  An ice dragon zombie (D:15)
  11 slime creatures
  An ettin zombie (Coc:1)
  A wind drake (shapeshifter) (Depths:1)
  8 hippogriffs
  A snapping turtle (shapeshifter) (Depths:5)
  An alligator zombie (Coc:1)
  A black mamba zombie (Dis:1)
  2 ettin skeletons
  32 flying skulls
  2 centaur simulacra (D:15)
  An air elemental (Elf:1)
  A vampire (D:11)
  10 shadows
  18 yaks
  Sigmund (D:5)
  10 water elementals
  9 wraiths
  2 wyverns
  3 hogs (D:10)
  An ice dragon skeleton (Coc:1)
  A basilisk (D:14)
  11 fire elementals
  7 humans
  4 hungry ghosts
  A golden eye (shapeshifter) (Depths:5)
  A large abomination (Depths:1)
  A minotaur simulacrum (Coc:1)
  2 chaos spawn
  10 vampire mosquitoes
  8 wargs
  An acid dragon (D:12)
  2 soldier ants
  A spiny frog zombie (Dis:3)
  An insubstantial wisp (Depths:1)
  2 water moccasins
  A floating eye (Depths:4)
  3 hydra simulacra
  A small abomination (Depths:1)
  36 hell hounds
  3 black bears
  52 orc warriors
  12 ice beasts
  A black bear (shapeshifter) (Elf:1)
  2 hornet zombies
  27 ogres
  A spiny frog skeleton (Coc:1)
  7 necrophages
  2 phantoms
  A swamp dragon zombie (Coc:1)
  6 sky beasts
  A wolf (shapeshifter) (Depths:4)
  A manticore zombie (Dis:2)
  18 boggarts
  18 centaurs
  A manticore skeleton (Tar:4)
  2 snapping turtle skeletons
  A swamp dragon skeleton (Coc:1)
  5 big kobolds
  14 bullfrogs
  A water moccasin zombie (D:10)
  2 earth elementals (Elf:3)
  A water moccasin skeleton (D:4)
  5 scorpions
  16 killer bees
  23 wights
  6 electric eels
  3 howler monkeys
  12 crimson imps
  6 centaur zombies
  4 hounds
  2 quasits
  3 bullfrog zombies
  A human zombie (Tar:4)
  30 orc priests
  A bullfrog skeleton (D:10)
  7 jellies
  6 iron imps
  Jessica (D:3)
  2 iguanas
  27 orc wizards
  10 worker ants
  16 hell rats
  3 hound zombies
  4 mummies
  4 hound skeletons
  A howler monkey zombie (D:8)
  A howler monkey skeleton (D:11)
  5 worker ant zombies
  6 gnolls (D:6)
  16 adders
  6 shadow imps
  3 white imps
  4 ufetubi
  An ooze (D:1)
  An adder zombie (D:4)
  3 adder skeletons
  3 worms
  2 dart slugs
  9 leopard geckos
  137 orcs
  A ball python (D:1)
  7 giant cockroaches
  5 goblins
  9 hobgoblins
  6 jackals
  41 kobolds
  2 quokkas
  6 bats
  6 frilled lizards
  A kobold (shapeshifter) (Depths:4)
  A leopard gecko zombie (D:6)
  3 quokka zombies
  7 rats
  2 plants (Depths:1)
  A withered plant (D:15)
1604 creatures vanquished.

Vanquished Creatures (collateral kills)
  A fire elemental (Orc:2)
1 creature vanquished.

Vanquished Creatures (others)
  An eldritch tentacle (Tar:4)
  An orc (D:12)
  3 withered plants (D:15)
5 creatures vanquished.

Grand Total: 1610 creatures vanquished

Notes
Turn   | Place    | Note
-------+----------+-------------------------------------------
     0 | D:1      | Amnesiac the Mummy Earth Elementalist began the quest for the Orb.
     0 | D:1      | Reached XP level 1. HP: 13/13 MP: 4/4
   165 | D:1      | Reached XP level 2. HP: 2/19 MP: 2/5
   397 | D:1      | Learned a level 2 spell: Passwall
   967 | D:1      | Reached XP level 3. HP: 23/24 MP: 7/7
  1142 | D:2      | Found an ornate altar of the Wu Jian Council.
  1530 | D:2      | Found a shimmering altar of Xom.
  1795 | D:2      | Reached XP level 4. HP: 22/30 MP: 9/9
  1827 | D:2      | Learned a level 4 spell: Petrify
  2088 | D:3      | Noticed Jessica
  2115 | D:3      | Killed Jessica
  2266 | D:3      | Found a shadowy altar of Dithmenos.
  2287 | D:3      | Reached XP level 5. HP: 29/35 MP: 11/11
  3100 | D:4      | Reached XP level 6. HP: 36/41 MP: 10/13
  3129 | D:4      | Found a staircase to the Ecumenical Temple.
  3138 | Temple   | Entered the Ecumenical Temple
  3253 | Temple   | Became a worshipper of Sif Muna the Loreminder
  3311 | D:4      | Reached skill level 5 in Spellcasting
  3311 | D:4      | Reached skill level 5 in Earth Magic
  3318 | D:4      | Learned a level 5 spell: Lee's Rapid Deconstruction
  3436 | D:4      | Reached skill level 1 in Shields
  3721 | D:4      | Reached XP level 7. HP: 28/46 MP: 10/15
  3936 | D:4      | Reached * piety under Sif Muna
  4657 | D:5      | Entered Level 5 of the Dungeon
  5041 | D:5      | Noticed Prince Ribbit
  5050 | D:5      | Killed Prince Ribbit
  5302 | D:5      | Reached XP level 8. HP: 32/52 MP: 17/17
  5499 | D:5      | Got a pair of ichor-stained boots
  5525 | D:5      | Noticed Sigmund
  5530 | D:5      | Killed Sigmund
  6018 | D:6      | Reached ** piety under Sif Muna
  6202 | D:6      | Reached XP level 9. HP: 28/57 MP: 0/20
  6682 | D:6      | Learned a level 3 spell: Stone Arrow
  6803 | D:6      | Found a stormy altar of Qazlal.
  6803 | D:6      | Found a radiant altar of Vehumet.
  7747 | D:7      | Reached *** piety under Sif Muna
  8539 | D:8      | Noticed a white ugly thing
  8555 | D:8      | Killed a white ugly thing
  8669 | D:8      | Found an iron altar of Okawaru.
  8714 | D:8      | Reached XP level 10. HP: 60/63 MP: 0/23
  8905 | D:8      | Reached **** piety under Sif Muna
  8961 | D:8      | Reached skill level 10 in Spellcasting
  8961 | D:8      | Reached skill level 10 in Earth Magic
  9106 | D:8      | Found a basalt altar of Yredelemnul.
  9107 | D:8      | Found a sacrificial altar of Ru.
  9249 | D:8      | Identified the +2 pair of boots of Hospitality {Regen+} (You found it on level 5 of the Dungeon)
  9476 | D:8      | Noticed a two-headed ogre
  9488 | D:8      | Killed a two-headed ogre
  9642 | D:9      | Noticed a two-headed ogre
  9648 | D:9      | Killed a two-headed ogre
 10121 | D:9      | Noticed a cyclops
 10207 | D:9      | Noticed a two-headed ogre
 10301 | D:9      | Killed a two-headed ogre
 10301 | D:9      | Reached ***** piety under Sif Muna
 10301 | D:9      | Identified Jeudaudu's Incunabulum of Congealing Heat (Sif Muna gifted it to you on level 9 of the Dungeon)
 10301 | D:9      | Received a gift from Sif Muna
 10324 | D:9      | Reached XP level 11. HP: 69/69 MP: 12/26
 10338 | D:9      | Reached skill level 1 in Fighting
 10489 | D:9      | Noticed Nib's ghost (novice DrTm)
 10818 | D:9      | Killed Nib's ghost
 11049 | D:9      | Noticed a two-headed ogre
 11060 | D:9      | Killed a two-headed ogre
 11487 | D:10     | Entered Level 10 of the Dungeon
 11611 | D:10     | Reached skill level 5 in Dodging
 11814 | D:10     | Got a scorched leather armour
 11836 | D:10     | Found a staircase to the Lair.
 12230 | D:10     | Identified the +3 leather armour of the Morning {Str+4 Int+2} (You took it off a human on level 10 of the Dungeon)
 12351 | D:10     | Killed an unseen horror
 12351 | D:10     | Reached skill level 5 in Fighting
 12436 | D:10     | Found a staircase to the Orcish Mines.
 12704 | Orc:1    | Entered Level 1 of the Orcish Mines
 12716 | Orc:1    | Noticed Urug
 12862 | Orc:1    | Killed Urug
 12997 | Orc:1    | Noticed Harold
 13027 | D:10     | Killed Harold
 13027 | D:10     | Reached XP level 12. HP: 24/87 MP: 1/27
 13366 | Orc:2    | Entered Level 2 of the Orcish Mines
 13519 | Orc:2    | Noticed a two-headed ogre
 13526 | Orc:2    | Killed a two-headed ogre
 13792 | Orc:1    | Noticed an orc warlord
 13792 | Orc:1    | Noticed a stone giant
 13836 | Orc:2    | Noticed Azrael
 13866 | Orc:2    | HP: 4/89 [Azrael/bolt of fire (25)]
 13868 | Orc:2    | Killed Azrael
 14338 | Orc:2    | Noticed an ogre mage
 14350 | Orc:2    | Killed an ogre mage
 14835 | Orc:2    | Found a staircase to the Elven Halls.
 15115 | Orc:2    | Noticed an orc high priest
 15118 | Orc:2    | Killed an orc high priest
 15813 | Orc:2    | Noticed an orc warlord
 15929 | Orc:2    | Killed an orc warlord
 16147 | Orc:2    | Noticed Nessos
 16171 | Orc:2    | Killed Nessos
 16171 | Orc:2    | Reached skill level 10 in Dodging
 16551 | Orc:2    | Found a roughly hewn altar of Beogh.
 16655 | Orc:2    | Noticed an orc high priest
 16691 | Orc:2    | Killed an orc high priest
 16691 | Orc:2    | Gained mutation: You are in touch with the powers of death. [Mummy growth]
 16691 | Orc:2    | Reached XP level 13. HP: 39/99 MP: 0/28
 16913 | Orc:2    | Identified Sif Muna's Catalogue of Attacks and the Traveller (Sif Muna gifted it to you on level 2 of the Orcish Mines)
 16913 | Orc:2    | Received a gift from Sif Muna
 16918 | Orc:2    | Learned a level 2 spell: Blink
 16925 | Orc:2    | Learned a level 6 spell: Iron Shot
 17001 | Orc:2    | Found Doki's Armour Shop.
 17685 | Orc:2    | Found Tyobuaf's Assorted Antiques.
 17704 | Orc:2    | Bought an embroidered scarf for 160 gold pieces
 17924 | Orc:2    | Found a roughly hewn altar of Beogh.
 18317 | Orc:2    | Found Fuewiev's Food Boutique.
 18327 | Orc:2    | Found Qewk's Food Shop.
 18742 | Orc:1    | Found a roughly hewn altar of Beogh.
 19407 | Orc:1    | Got a heavily runed chain mail
 20050 | Orc:1    | Noticed an orc warlord
 20243 | Orc:2    | Killed an orc warlord
 20681 | Orc:2    | Killed an orc warlord
 20681 | Orc:2    | Reached skill level 10 in Fighting
 21137 | Orc:2    | Identified the +14 chain mail of the Black Moon {Int+2} (You took it off an orc on level 1 of the Orcish Mines)
 21558 | Orc:1    | Killed a stone giant
 21695 | Elf:1    | Entered Level 1 of the Elven Halls
 23501 | D:11     | Reached XP level 14. HP: 110/110 MP: 8/29
 24662 | D:12     | Identified Sif Muna's Guide on Clay (Sif Muna gifted it to you on level 12 of the Dungeon)
 24662 | D:12     | Received a gift from Sif Muna
 25288 | D:13     | Noticed Maurice
 25291 | D:13     | Killed Maurice
 25676 | D:13     | Noticed Rupert
 25696 | D:13     | Paralysed by Rupert for 3 turns
 26132 | D:13     | Killed Rupert
 26363 | D:13     | Found Bekes's Jewellery Shop.
 27077 | D:13     | Found a gate to the Vaults.
 27203 | D:13     | Found a viscous altar of Jiyva.
 27568 | D:13     | Found Uxiunn's Antique Armour Boutique.
 27628 | D:13     | Found Dudaniv's Book Boutique.
 28119 | D:13     | Bought an embroidered robe for 118 gold pieces
 28129 | D:13     | Bought an embroidered robe for 118 gold pieces
 28146 | D:13     | Bought a glowing helmet for 240 gold pieces
 28403 | D:14     | Received a gift from Sif Muna
 28489 | D:14     | Noticed Josephine
 28502 | D:14     | Killed Josephine
 28897 | D:14     | Noticed Snorg
 28946 | D:14     | Killed Snorg
 29468 | D:14     | Noticed Roxanne
 29590 | D:14     | Killed Roxanne
 29592 | D:14     | Identified Roxanne's Almanac of Moulding (You took it off Roxanne on level 14 of the Dungeon)
 29840 | D:13     | Bought the ring "Soisudd" {rElec rPois rF+ Int+4} for 790 gold pieces
 29888 | D:15     | Entered Level 15 of the Dungeon
 30068 | D:15     | Reached XP level 15. HP: 115/115 MP: 9/32
 31458 | D:15     | Found a staircase to the Depths.
 31725 | D:15     | Found a portal to a secret trove of treasure.
 32202 | Depths:1 | Entered Level 1 of the Depths
 32578 | Elf:1    | Found Diam Omo's Distillery.
 32583 | Elf:1    | Found Jexzoegg's Gadget Shoppe.
 32615 | Elf:1    | Found Wampeoxzi's Antique Armour Shop.
 32626 | Elf:1    | Identified Sif Muna's Guide on Fetching Poisoning (Sif Muna gifted it to you on level 1 of the Elven Halls)
 32626 | Elf:1    | Received a gift from Sif Muna
 34049 | Elf:1    | Reached skill level 15 in Spellcasting
 34049 | Elf:1    | Reached skill level 15 in Earth Magic
 34493 | Elf:1    | Got a twisted leather armour
 34588 | Elf:2    | Noticed Donald
 35052 | Elf:2    | Reached XP level 16. HP: 122/122 MP: 18/35
 35173 | Elf:2    | Identified Yxkoonir's Papyrus of Freezing Execration (Sif Muna gifted it to you on level 2 of the Elven Halls)
 35173 | Elf:2    | Received a gift from Sif Muna
 35381 | Elf:2    | Killed Donald
 35887 | Elf:2    | Found a huge runed gate.
 35915 | Elf:2    | Found a huge runed gate.
 35921 | Elf:2    | Found a huge runed gate.
 35921 | Elf:2    | Found a huge runed gate.
 35921 | Elf:2    | Found a huge runed gate.
 36591 | Elf:1    | Bought an embroidered cloak for 232 gold pieces
 36644 | Elf:2    | Reached skill level 1 in Invocations
 37429 | Elf:2    | Reached skill level 5 in Invocations
 37906 | Elf:3    | Entered Level 3 of the Elven Halls
 38428 | Elf:3    | Got a heavily jewelled robe
 38448 | Elf:3    | Found Kostruh's Book Boutique.
 38530 | Elf:3    | Found Teaclur's Food Boutique.
 38762 | Elf:3    | Found Inaxop's Assorted Antiques.
 39446 | Elf:3    | Noticed a deep elf blademaster
 39451 | Elf:3    | Noticed a deep elf blademaster
 39453 | Elf:3    | Killed a deep elf blademaster
 39478 | Elf:3    | Learned a level 5 spell: Borgnjor's Vile Clutch
 39613 | Elf:3    | Killed a deep elf blademaster
 39637 | Elf:3    | Noticed a deep elf master archer
 39641 | Elf:3    | Killed a deep elf master archer
 39792 | Elf:3    | Noticed a deep elf blademaster
 39797 | Elf:3    | Killed a deep elf blademaster
 39797 | Elf:3    | Reached XP level 17. HP: 128/128 MP: 19/37
 39873 | Elf:3    | Noticed a deep elf master archer
 39884 | Elf:3    | Killed a deep elf master archer
 40168 | Elf:3    | Received a gift from Sif Muna
 40173 | Elf:3    | Noticed a deep elf master archer
 40175 | Elf:3    | Killed a deep elf master archer
 40361 | Elf:3    | Identified the +2 robe of Defence {rElec rC- rCorr Int+5} (You took it off a deep elf mage on level 3 of the Elven Halls)
 40371 | Elf:3    | Identified the +3 leather armour of Pantheism {+Inv} (You took it off a deep elf mage on level 1 of the Elven Halls)
 40762 | Elf:3    | Got a warped short sword {vamp}
 40934 | Elf:3    | Found Keunynlo's Food Emporium.
 41026 | Elf:3    | Found Keril's Jewellery Shoppe.
 41181 | Elf:3    | Noticed a deep elf master archer
 41259 | Elf:3    | Noticed a deep elf blademaster
 41270 | Elf:3    | Killed a deep elf blademaster
 41272 | Elf:3    | Got a smelly plate armour
 41405 | Elf:3    | Identified the +7 plate armour of Sovereignty {*Corrode rF+ SInv} (You took it off a deep elf blademaster on level 3 of the Elven Halls)
 41477 | Elf:3    | Killed a deep elf master archer
 41688 | Elf:3    | Got a scorched quarterstaff {flame}
 41691 | Elf:3    | Got a ring of the Octopus King
 41718 | Elf:3    | Found the +9 heavy crossbow "Sniper" {velocity, Acc+∞ SInv}
 41777 | Elf:3    | Identified Isad's Guide on Dislocated Earth (Sif Muna gifted it to you on level 3 of the Elven Halls)
 41777 | Elf:3    | Received a gift from Sif Muna
 41871 | Elf:3    | Got a steaming broad axe {chop}
 41874 | Elf:3    | Identified the +8 broad axe of Truth {chop, rElec rF+ Int-3} (You took it off a deep elf sorcerer on level 3 of the Elven Halls)
 41903 | Elf:3    | Identified a ring of the Octopus King {MP+9 AC+1 EV+1 Str+1 Int+1 Dex+1} (You took it off a deep elf sorcerer on level 3 of the Elven Halls)
 41909 | Elf:3    | Identified 2 scrolls of acquirement {!r}
 42000 | Elf:3    | Got an ichor-stained chain mail
 42029 | Elf:3    | Learned a level 9 spell: Shatter
 42039 | Elf:3    | Identified the cursed +1 chain mail "Huurus" {rC+ Regen+} (You found it on level 3 of the Elven Halls)
 42171 | Elf:3    | Bought the ring of Weekkatu {Wiz rF+ Int+3} for 603 gold pieces
 43508 | Depths:1 | Found a gateway to Hell.
 43752 | Depths:1 | Found a gateway to a ziggurat.
 44326 | Depths:1 | Found a runed gate.
 44326 | Depths:1 | Found a runed gate.
 44326 | Depths:1 | Found a runed gate.
 44348 | Depths:1 | Reached ****** piety under Sif Muna
 44380 | Depths:1 | Reached XP level 18. HP: 134/134 MP: 20/41
 44461 | Depths:1 | Received a gift from Sif Muna
 44773 | Depths:1 | Got an emerald-encrusted scale mail
 45333 | Depths:1 | Found a one-way gate leading to the halls of Pandemonium.
 46616 | Depths:2 | Identified Sif Muna's Almanac of Calling (Sif Muna gifted it to you on level 2 of the Depths)
 46616 | Depths:2 | Received a gift from Sif Muna
 46699 | Depths:2 | Noticed a lich
 46710 | Depths:2 | Killed a lich
 46724 | Depths:2 | Noticed Jorgrun
 47040 | Depths:2 | Noticed a juggernaut
 47042 | Depths:2 | Killed a juggernaut
 47628 | Depths:2 | Killed Jorgrun
 47641 | Depths:2 | Identified the +0 scale mail "Effij" {Int+4} (You took it off a tengu warrior on level 1 of the Depths)
 47693 | Depths:2 | Noticed a golden dragon
 47746 | Depths:2 | Noticed a juggernaut
 47759 | Depths:2 | Killed a juggernaut
 47759 | Depths:2 | Identified Sif Muna's Handbook of Twisted Aid (Sif Muna gifted it to you on level 2 of the Depths)
 47759 | Depths:2 | Received a gift from Sif Muna
 47928 | Depths:2 | Got a fine dagger {speed}
 47929 | Depths:2 | Identified the +7 dagger of the Past {speed, rF++} (You took it off a wizard on level 2 of the Depths)
 47967 | Depths:2 | Killed a golden dragon
 48059 | Depths:2 | Reached XP level 19. HP: 140/140 MP: 17/45
 48089 | Depths:2 | Got a steaming great sword {venom}
 48676 | Depths:2 | Noticed a golden dragon
 48687 | Depths:2 | Killed a golden dragon
 49176 | Depths:2 | Got a warped scimitar {drain}
 49907 | Depths:3 | Received a gift from Sif Muna
 52238 | Depths:3 | Found Peqan's Book Shoppe.
 52551 | Depths:3 | Got steaming acid dragon scales
 53190 | Depths:4 | Found a one-way gate to the infinite horrors of the Abyss.
 53258 | Depths:4 | Identified Poppop's Disquisition on Shifting Calling (Sif Muna gifted it to you on level 4 of the Depths)
 53258 | Depths:4 | Received a gift from Sif Muna
 53290 | Depths:4 | Found a flickering gateway to a bazaar.
 53302 | Depths:4 | Learned a level 1 spell: Apportation
 53307 | Bazaar   | Entered a bazaar
 53307 | Bazaar   | Found Gacexoub's Weapon Boutique.
 53307 | Bazaar   | Found Efik's Gadget Shop.
 53307 | Bazaar   | Found Aceus's Book Shop.
 53307 | Bazaar   | Found Oplut's Book Boutique.
 53324 | Bazaar   | Bought a manual of Fighting for 1214 gold pieces
 53459 | Depths:4 | Identified the +1 acid dragon scales of the Land of Plenty {*Slow rF++ MR++ rCorr} (You found it on level 3 of the Depths)
 53472 | Depths:4 | Identified the +6 scimitar of Rowk {drain, Stlth+} (You took it off a hell knight on level 2 of the Depths)
 53789 | Depths:4 | Found Ighime Linn's Magic Scroll Boutique.
 54201 | Depths:4 | Reached XP level 20. HP: 118/147 MP: 0/46
 54403 | Depths:4 | Noticed a golden dragon
 54408 | Depths:4 | Killed a golden dragon
 54586 | Depths:4 | Noticed a golden dragon
 54590 | Depths:4 | Killed a golden dragon
 54999 | Depths:4 | Noticed a caustic shrike
 55009 | Depths:4 | Killed a caustic shrike
 55169 | Depths:4 | Identified Jishemn's Almanac of Confrontation (Sif Muna gifted it to you on level 4 of the Depths)
 55169 | Depths:4 | Received a gift from Sif Muna
 55636 | Depths:4 | Got a dull robe
 55930 | D:15     | You paid a toll of +2 shadow dragon scales to enter a treasure trove
 55931 | Trove    | Entered a treasure trove
 56014 | Hell     | Entered the Vestibule of Hell
 56014 | Hell     | Noticed Geryon
 56023 | Hell     | Killed Geryon
 56274 | Depths:5 | Entered Level 5 of the Depths
 56525 | Depths:5 | Noticed a golden dragon
 56532 | Depths:5 | Killed a golden dragon
 56548 | Depths:5 | Identified Sif Muna's Disquisition on Toxins (Sif Muna gifted it to you on level 5 of the Depths)
 56548 | Depths:5 | Received a gift from Sif Muna
 57563 | Depths:4 | Reached XP level 21. HP: 153/153 MP: 28/47
 57676 | Depths:5 | Found a gate to the Realm of Zot.
 57792 | Depths:5 | Identified the +2 robe of Lies {rN+ Dex+6} (You found it on level 4 of the Depths)
 58054 | Depths:5 | Got a crystal dagger
 59355 | Hell     | Found a gateway to the Iron City of Dis.
 59677 | Hell     | Found a gateway to the freezing wastes of Cocytus.
 59973 | Hell     | Found a gateway to the decaying netherworld of Tartarus.
 60041 | Hell     | Found a gateway to the ashen valley of Gehenna.
 60194 | Tar:1    | Entered Level 1 of Tartarus
 60772 | Tar:1    | Reached skill level 15 in Fighting
 61167 | Tar:2    | Identified Asmodeus's Almanac of Supportive Attacks (Sif Muna gifted it to you on level 2 of Tartarus)
 61167 | Tar:2    | Received a gift from Sif Muna
 61695 | Tar:4    | Reached skill level 1 in Staves
 62650 | Hell     | Reached XP level 22. HP: 169/178 MP: 0/48
 62867 | Coc:1    | Entered Level 1 of Cocytus
 63353 | Coc:1    | Noticed a shard shrike
 63357 | Coc:1    | Killed a shard shrike
 63922 | Coc:1    | Noticed a shard shrike
 63923 | Coc:1    | Killed a shard shrike
 64578 | Dis:1    | Entered Level 1 of the Iron City of Dis
 65185 | Dis:3    | Identified Sif Muna's Guide on Attacks and the Rocks (Sif Muna gifted it to you on level 3 of the Iron City of Dis)
 65185 | Dis:3    | Received a gift from Sif Muna
 65388 | Dis:7    | Entered Level 7 of the Iron City of Dis
 65417 | Dis:7    | Found the +9 staff of Olgreb {rPois}
 65420 | Dis:7    | HP: 6/184 [Ice Fiend (4)]
 65430 | Dis:7    | HP: 1/184 [reaper/scythe of flaming (13)]
 65430 | Dis:7    | Slain by a reaper

Vault maps used:
D:1:      roderic_crossed_star
D:2:      overflow_temple_1_default, old_standard_altar
D:3:      nicolae_dithmenos_shadow_blocks, first_ration, uniq_jessica
D:4:      minmay_temple_entry_statues_fountains, serial_undead, serial_undead_a,
          serial_undead_e, serial_undead_a, serial_undead_b
D:5:      uniq_prince_ribbit1, uniq_sigmund
D:6:      nicolae_overflow_hidden_temple
D:8:      okawaru_metal_pillars_1_2, grunt_temple_overflow_open
D:10:     dpeg_oklobed_lair, orc_0_dummy, grunt_livestock, minmay_ruffians
D:11:     minmay_pinched_square
D:12:     minivault_20
D:13:     grunt_vaults_entry_fortified, serial_shops, shop, shop_statue,
          nicolae_shop_crystal, jiyva_altar_1, uniq_maurice, uniq_rupert
D:14:     columned_hall_lemuel, uniq_roxanne, uniq_snorg, uniq_josephine
D:15:     gammafunk_depths_entry_grave, enter_trove_5, serial_ice, serial_ice_d,
          serial_ice_m, serial_ice_i, serial_ice_o, hex_large
Temple:   nicolae_temple_great_sept
Orc:1:    basic_altar, elf_legates, uniq_harold, uniq_urug
Orc:2:    pubby_orc_utopia, uniq_azrael, uniq_nessos
Elf:1:    serial_shops, shop, evilmike_minifort, hangedman_elf_simple_split,
          grunt_megastairs_2, minmay_shop_star
Elf:2:    uniq_donald
Elf:3:    minmay_elf_hall, serial_shops, shop, nicolae_shop_behind_doors,
          nicolae_shop_behind_doors, shop, shop
Depths:1: enter_ziggurat_f, hangedman_decor_lopped, hell_entry,
          rand_demon_pan_entry_9, st_stairs_3, minmay_strange_pillars,
          minmay_statues_item, pandoras_box_mu, serial_bayou_shore_a
Depths:2: grunt_runaround, serial_shops, pan_entry, hell_entry, uniq_jorgrun
Depths:3: minmay_ambush_box, grunt_pan_entry_spiral, serial_shops, shop,
          hangedman_decor_riveting, pf_hell_entry_tar_spiral,
          kennysheep_another_room, basic_stair_grate_trap,
          infiniplex_staircase_star
Depths:4: minmay_nine_rooms, abyss_entry_small_statue_room, kennysheep_donut,
          serial_shops, bzr_in_the_mist, kennysheep_mini_moat, hell_entry,
          infiniplex_staircase_diamond
Depths:5: grunt_zot_entry_bicorn, hell_entry, nicolae_sextant, pan_entry
Dis:1:    grunt_megastairs_3
Dis:3:    hangedman_dis_chains
Dis:7:    dis_hangedman
Tar:1:    nicolae_tar_cuneiform_to_be
Tar:2:    door_vault, lemuel_elevator
Bazaar:   bazaar_minmay_generic_box
Trove:    trove_wands_scrolls

Skill      XL: |  1  2  3  4  5  6  7  8  9 10 11 12 13 14 15 16 17 18 19 20 21 22 |
---------------+-------------------------------------------------------------------+-----
Spellcasting   | 3 4 5 6 7 9 11 13 15 16 19 22 | 22.0
Earth Magic    | 3 4 5 6 7 9 11 13 15 16 17 18 20 22 | 22.2
Shields        | 1 2 4 |  4.0
Dodging        | 7 10 12 13 14 | 14.3
Fighting       | 5 8 10 16 18 | 18.0
Invocations    | 8 |  8.0
Staves         | 4 |  4.1
Stealth        | |  1.5
Transmutations | |  0.7

Action                   |  1- 3 |  4- 6 |  7- 9 | 10-12 | 13-15 | 16-18 | 19-21 | 22-24 || total
-------------------------+-------+-------+-------+-------+-------+-------+-------+-------++-------
Melee: Unarmed           |    22 |       |       |       |       |       |       |       ||    22
       Dagger            |    51 |       |       |       |       |       |       |       ||    51
       Short sword       |    45 |   114 |   236 |   135 |   125 |       |       |       ||   655
       Staff             |       |       |       |       |    16 |     7 |    81 |    18 ||   122
 Cast: Sandblast         |    21 |    41 |    42 |   139 |    32 |       |       |       ||   275
       Passwall          |     1 |       |     2 |       |     2 |       |       |       ||     5
       Lee's Rapid Decon |       |       |    66 |   212 |   467 |   234 |    90 |       ||  1069
       Petrify           |       |       |     9 |    39 |    91 |     5 |       |       ||   144
       Stone Arrow       |       |       |       |     1 |   199 |       |       |       ||   200
       Blink             |       |       |       |       |     4 |     2 |     1 |       ||     7
       Iron Shot         |       |       |       |       |     3 |   145 |   372 |    75 ||   595
       Borgnjor's Vile C |       |       |       |       |       |    32 |    10 |     1 ||    43
       Shatter           |       |       |       |       |       |    14 |    99 |    44 ||   157
       Apportation       |       |       |       |       |       |       |     3 |       ||     3
Invok: Divine Energy     |       |       |     2 |       |       |       |       |       ||     2
       Stop Divine Energ |       |       |     1 |       |       |       |       |       ||     1
       Channel Magic     |       |       |       |     1 |       |     1 |     2 |     8 ||    12
 Abil: Evoke Flight      |       |       |       |       |     2 |       |       |       ||     2
Evoke: Wand              |       |       |       |     3 |     6 |       |     2 |     1 ||    12
  Use: Scroll            |       |       |    11 |     9 |     5 |     6 |     7 |     5 ||    43
 Stab: Sleeping          |     4 |       |     3 |     1 |       |       |       |       ||     8
       Distracted        |     1 |       |       |       |       |       |       |       ||     1
       Petrified         |       |       |    16 |    47 |    69 |       |       |       ||   132
       Petrifying        |       |       |       |       |     1 |       |       |       ||     1
Armor: Robe              |    27 |    26 |    42 |    22 |    18 |    36 |    77 |    63 ||   311
       Leather armour    |       |       |       |    35 |    67 |       |       |       ||   102
Dodge: Dodged            |    99 |   101 |   133 |   131 |   287 |   115 |   287 |   217 ||  1370
Block: Buckler           |       |     6 |    97 |    92 |   165 |    53 |   111 |    86 ||   610

Table legend:
 A = Spawn XP
 B = Non-spawn XP
 C = Spawn XP percentage of total XP
 D = Spawn monster count
 E = Non-spawn monster count
 F = Spawn count percentage of total count
 G = Total turns spent on level
                    A         B        C        D         E        F      G
               +---------+---------+-------+---------+---------+-------+---------
         Total |       0 |  801125 |   0.0 |       0 |    1602 |   0.0 | 65430
               +---------+---------+-------+---------+---------+-------+---------
           D:1 |       0 |      45 |   0.0 |       0 |      22 |   0.0 |  1322
           D:2 |       0 |      71 |   0.0 |       0 |      19 |   0.0 |   728
           D:3 |       0 |     259 |   0.0 |       0 |      29 |   0.0 |  1043
           D:4 |       0 |     656 |   0.0 |       0 |      24 |   0.0 |  1601
           D:5 |       0 |     789 |   0.0 |       0 |      21 |   0.0 |  1052
           D:6 |       0 |    1217 |   0.0 |       0 |      30 |   0.0 |  1204
           D:7 |       0 |    1204 |   0.0 |       0 |      21 |   0.0 |  1298
           D:8 |       0 |    4009 |   0.0 |       0 |      42 |   0.0 |  1481
           D:9 |       0 |    7499 |   0.0 |       0 |      45 |   0.0 |  1740
          D:10 |       0 |    5619 |   0.0 |       0 |      38 |   0.0 |  1834
          D:11 |       0 |    7540 |   0.0 |       0 |      66 |   0.0 |  2281
          D:12 |       0 |    5793 |   0.0 |       0 |      33 |   0.0 |  1260
          D:13 |       0 |   18974 |   0.0 |       0 |      61 |   0.0 |  2966
          D:14 |       0 |   10126 |   0.0 |       0 |      22 |   0.0 |  1428
          D:15 |       0 |   25175 |   0.0 |       0 |      55 |   0.0 |  3689
         Orc:1 |       0 |    9032 |   0.0 |       0 |      61 |   0.0 |  1798
         Orc:2 |       0 |   28348 |   0.0 |       0 |     157 |   0.0 |  7256
         Elf:1 |       0 |   28944 |   0.0 |       0 |      46 |   0.0 |  2533
         Elf:2 |       0 |   44406 |   0.0 |       0 |      64 |   0.0 |  2843
         Elf:3 |       0 |   72244 |   0.0 |       0 |      62 |   0.0 |  4345
      Depths:1 |       0 |   39369 |   0.0 |       0 |      60 |   0.0 |  3029
      Depths:2 |       0 |  103299 |   0.0 |       0 |      89 |   0.0 |  5507
      Depths:3 |       0 |   46967 |   0.0 |       0 |      62 |   0.0 |  1355
      Depths:4 |       0 |   73659 |   0.0 |       0 |      52 |   0.0 |  3274
      Depths:5 |       0 |   55851 |   0.0 |       0 |      51 |   0.0 |  1982
          Hell |       0 |   53536 |   0.0 |       0 |      80 |   0.0 |  4132
         Dis:1 |       0 |    5356 |   0.0 |       0 |      16 |   0.0 |   126
         Dis:2 |       0 |    6683 |   0.0 |       0 |      17 |   0.0 |    48
         Dis:3 |       0 |   21814 |   0.0 |       0 |      55 |   0.0 |   286
         Dis:4 |       0 |    2027 |   0.0 |       0 |       7 |   0.0 |   105
         Dis:6 |       0 |    8791 |   0.0 |       0 |      11 |   0.0 |    25
         Dis:7 |       0 |   12017 |   0.0 |       0 |      14 |   0.0 |    42
         Coc:1 |       0 |   31969 |   0.0 |       0 |      52 |   0.0 |   625
         Tar:1 |       0 |   18201 |   0.0 |       0 |      36 |   0.0 |   375
         Tar:2 |       0 |   14345 |   0.0 |       0 |      33 |   0.0 |   137
         Tar:3 |       0 |   12439 |   0.0 |       0 |      18 |   0.0 |   135
         Tar:4 |       0 |   22852 |   0.0 |       0 |      31 |   0.0 |   223
               +---------+---------+-------+---------+---------+-------+---------
